[Event "IV Estrellas 2022"]
[Site "La Palma"]
[Date "2022.08.09"]
[Round "6.12"]
[White "Brito Garcia, Alfredo"]
[Black "Ramirez Maillo, Cristian"]
[Result "1-0"]
[ECO "A49"]
[WhiteElo "2291"]
[BlackElo "1896"]
[Annotator "TA"]
[PlyCount "43"]
[EventDate "2022.08.06"]
[EventType "swiss"]
[EventCountry "ESP"]
[SourceTitle "playchess.com"]
[Source "ChessBase"]
[SourceQuality "1"]
[TimeControl "5400+30"]

1. Nf3 Nf6 2. g3 g6 3. d4 Bg7 4. Bg2 O-O 5. O-O d6 6. a4 a5 7. Bf4 {[%emt 0:00:08] A49: 1 d4 Nf6 2 Nf3 g6 3 g3: Anti-King's Indian systems.} Nbd7 8. Nc3 {[%emt 0:01:50] [#]} Re8 $146 ({Predecessor:} 8... c6 9. e4 Nb6 10. Qc1 Re8 11. Re1 Bg4 12. h3 Bxf3 13. Bxf3 Nfd7 14. e5 dxe5 15. dxe5 {1-0 (48) Pert,N (2546)-Yoseph,T (2455) Chess.com INT 2021}) 9. e4 {[%emt 0:00:36] White has an edge.} Nh5 10. Bg5 h6 {[%emt 0:02:37] [#]} 11. Be3 e5 12. Qd2 Kh7 13. Rad1 {[%emt 0:01:24] White is more active.} c6 14. dxe5 (14. h3 $16) 14... dxe5 $11 15. Bh3 (15. Bc5 $5) 15... Nhf6 16. Bc5 Qc7 17. Bd6 Qb6 18. Qc1 Bf8 19. Nd2 $36 {[%emt 0:02:50][%cal Ob2b3][%mdl 2048] White fights for an advantage.} Nc5 ({Don't take} 19... Bxd6 20. Nc4 Qb4 21. Nxd6 $14) (19... Qa7 $11 {remains equal.} 20. Nf3 Bg7) 20. Bxf8 ({Inferior is} 20. Nc4 Qb4 21. Bxc8 Qxc4 22. Bxc5 Qxc5 $15) 20... Bxh3 $4 {[%emt 0:04:54][%mdl 8192] [#]} (20... Rxf8 $14 21. Bxc8 Raxc8) 21. Nc4 $1 $18 Qb4 22. Qxh6+ {[%emt 0:00:07] Weighted Error Value: White=0.15 (very precise) /Black=0.55} 1-0

[Event "IV Estrellas 2022"]
[Site "La Palma"]
[Date "2022.08.09"]
[Round "6.13"]
[White "Arnaiz Yanes, Miguel Angel"]
[Black "Antic, Dejan"]
[Result "1/2-1/2"]
[ECO "A46"]
[WhiteElo "1923"]
[BlackElo "2452"]
[Annotator "TA"]
[PlyCount "75"]
[EventDate "2022.08.06"]
[EventType "swiss"]
[EventCountry "ESP"]
[SourceTitle "playchess.com"]
[Source "ChessBase"]
[SourceQuality "1"]
[TimeControl "5400+30"]

1. d4 Nf6 2. Nf3 e6 3. Bg5 h6 4. Bh4 g5 5. Bg3 Ne4 6. Nbd2 Nxg3 7. hxg3 Bg7 {[%emt 0:00:08] A46: 1 d4 Nf6 2 Nf3 e6: Torre, London and Colle Systems.} 8. e3 d6 9. Bd3 Nc6 {[%emt 0:01:04] The position is equal.} 10. c3 Bd7 11. Qe2 Qe7 12. e4 O-O-O {[%emt 0:02:21] [#]} 13. b4 $146 ({Predecessor:} 13. O-O-O Kb8 14. Kb1 h5 15. Nc4 g4 16. Nh4 Qg5 17. Ne3 Bh6 18. Bc2 Ne7 19. Rde1 {0-1 (61) Pankov,G (2404)-Riazantsev,A (2646) Minsk 2015}) 13... g4 14. Nh2 (14. Nh4 $14) 14... h5 $1 $11 15. a4 (15. b5 $11 {remains equal.} Na5 16. Nb3) 15... Qg5 16. a5 h4 {[%emt 0:05:36] White must now prevent ...hxg3.} 17. Nhf1 (17. Qxg4 $15 Qxg4 18. Nxg4) 17... hxg3 $17 18. Nxg3 Rxh1+ 19. Nxh1 f5 {[%emt 0:02:18][%cal Og7d4] Hoping for ...Bxd4!} 20. Ng3 f4 21. Ngf1 Rh8 22. b5 Nxd4 23. cxd4 $11 Bxd4 24. Rc1 g3 (24... Qg7 $11 {keeps the balance.}) 25. fxg3 $1 $16 fxg3 {[%emt 0:00:10] And now ...Rf8 would win.} 26. Kd1 $1 Kb8 27. Nf3 Qg7 28. Nxd4 Qxd4 {[%emt 0:00:55] [#]} 29. Qc2 (29. Ke1 $1 $16) 29... Rc8 (29... Bxb5 $2 30. Qxc7+ Ka8 {[#]} 31. Qc8+ $3 Rxc8 32. Rxc8#) (29... Rf8 $1 $11 30. Ke1 (30. Qxc7+ Ka8 $11) (30. Nxg3 Qg1+ 31. Kd2 Qxg2+ 32. Ne2 Qg5+ 33. Ke1 c5 $11) 30... c5) 30. Qc3 ({But not} 30. Nxg3 Bxb5 31. Kd2 (31. Ke2 Qe5 $11) 31... Qe5 32. Bxb5 Qxg3 $14) 30... Qa4+ (30... Qg1 $16) 31. Ke1 $18 {[%emt 0:00:43] Ra1 is the strong threat.} c5 32. Ra1 ({Much less strong is} 32. Nxg3 $6 c4 33. Be2 (33. Bxc4 Bxb5 34. Bxb5 Rxc3 $11) 33... Qxb5 $16) 32... Qd4 33. Qxd4 cxd4 34. Nxg3 Rc3 35. Kd2 Rb3 (35... Bxb5 {might work better.} 36. Bxb5 Rxg3) 36. Kc2 Rc3+ 37. Kd2 {[%emt 0:00:07] Threatens to win with Ne2.} Rb3 $1 38. Kc2 $2 {[%emt 0:01:01] Prevents Rb2+.  Weighted Error Value: White=0.29 (precise) /Black=0.24 (precise)} (38. Ne2 $18 e5 39. Kc2) 1/2-1/2

[Event "IV Estrellas 2022"]
[Site "La Palma"]
[Date "2022.08.09"]
[Round "6.14"]
[White "Rodriguez Bittar, Karim Javier"]
[Black "Capote Robayna, Nathaniel"]
[Result "0-1"]
[ECO "B25"]
[WhiteElo "1881"]
[BlackElo "2150"]
[Annotator "TA"]
[PlyCount "80"]
[EventDate "2022.08.06"]
[EventType "swiss"]
[EventCountry "ESP"]
[SourceTitle "playchess.com"]
[Source "ChessBase"]
[SourceQuality "1"]
[TimeControl "5400+30"]

1. e4 c5 2. Nc3 Nc6 3. g3 g6 4. Bg2 Bg7 5. d3 d6 6. f4 Nd4 7. Nce2 {[%emt 0:01:15] B25: Closed Sicilian: 3 g3, lines without early Be3.} e6 8. c3 Nxe2 9. Nxe2 {[%emt 0:00:26] The position is equal.} Ne7 10. O-O O-O 11. Be3 f5 {[%emt 0:08:19] [#]} (11... b6 $11 {might be stronger.}) 12. a4 $146 (12. e5 $14 {is superior.}) ({Predecessor:} 12. Qd2 Rb8 13. h3 b5 14. g4 b4 15. d4 bxc3 16. bxc3 Qc7 17. Ng3 Ba6 18. Rfd1 Bc4 19. Qf2 fxg4 20. hxg4 cxd4 21. cxd4 {0-1 (36) Bonugli,C (2046)-Gromovs,S (2341) Crema 2004}) 12... Qc7 13. Qd2 Rd8 14. Bf2 Rb8 15. Qc2 b6 16. Rfe1 Ba6 17. Kh1 Bb7 18. Qb3 Qc8 19. Ng1 fxe4 20. dxe4 c4 21. Qa3 Qc7 22. Nf3 e5 23. Ng5 {[%emt 0:00:00] aiming for Ne6.} Bc8 {[%emt 0:00:25] Inhibits Ne6.} 24. Rad1 h6 25. Nf3 Bb7 26. fxe5 (26. a5 $14) 26... dxe5 $11 27. Nd2 Nc8 28. Nf1 Nd6 {[%emt 0:00:54][%cal Od6e4] Strongly threatening ...Nxe4!} 29. Qa1 Rf8 30. Bg1 Rbd8 31. Qb1 Bc6 32. Qc2 Qb7 33. Rd2 Kh7 34. h4 Rxf1 35. Rxf1 {[%emt 0:00:00] Kh2 is the strong threat.} Nxe4 36. Rxd8 Nxg3+ 37. Kh2 Nxf1+ 38. Bxf1 Qe7 $2 {[%emt 0:00:09] [#]} (38... e4 $1 $14 39. Qd1 Qe7) 39. Rd1 $4 (39. h5 $2 {leads to mate.} Qh4+ 40. Bh3 Qf4#) (39. Qd2 $18) 39... Qxh4+ 40. Bh3 Qf4# {[%emt 0:00:05] Weighted Error Value: White=0.28 (precise) /Black=0.17 (very precise)} 0-1

[Event "IV Estrellas 2022"]
[Site "La Palma"]
[Date "2022.08.09"]
[Round "6.15"]
[White "Perez Bolanos, David"]
[Black "Lopez Pereyra, Antonio"]
[Result "1-0"]
[ECO "B22"]
[WhiteElo "2041"]
[BlackElo "1989"]
[Annotator "RC"]
[PlyCount "71"]
[EventDate "2022.08.06"]
[EventType "swiss"]
[EventCountry "ESP"]
[SourceTitle "playchess.com"]
[Source "ChessBase"]
[SourceQuality "1"]
[TimeControl "5400+30"]

1. d4 e6 2. e4 d5 3. exd5 exd5 4. Bd3 c5 5. Nf3 Nf6 6. c3 Be7 7. h3 O-O 8. O-O Nc6 9. dxc5 Bxc5 10. Nbd2 Qd6 11. b4 Bb6 12. Nc4 Qc7 13. Nxb6 axb6 14. Qc2 Re8 15. Bb2 Bd7 16. a3 Qf4 17. Qc1 Qd6 18. c4 dxc4 19. Qxc4 Be6 20. Qc2 Rac8 21. Bxf6 gxf6 22. Bxh7+ Kg7 23. Rad1 Qf4 24. Qe4 Qh6 25. Bf5 Bxf5 26. Qxf5 Ne7 27. Qg4+ Kf8 28. Rfe1 Ng6 29. Kh2 b5 30. Qf5 Kg7 31. Rd6 Nh4 32. Qg4+ Ng6 33. Nd4 Kf8 34. Rxe8+ Rxe8 35. Rxf6 Qd2 36. Qxg6 1-0

[Event "IV Estrellas 2022"]
[Site "La Palma"]
[Date "2022.08.09"]
[Round "6.16"]
[White "Cruz Gomez, Isidro"]
[Black "Marin Dorta, Alejandro"]
[Result "1/2-1/2"]
[ECO "A80"]
[WhiteElo "2089"]
[BlackElo "1869"]
[Annotator "RC"]
[PlyCount "112"]
[EventDate "2022.08.06"]
[EventType "swiss"]
[EventCountry "ESP"]
[SourceTitle "playchess.com"]
[Source "ChessBase"]
[SourceQuality "1"]
[TimeControl "5400+30"]

1. d4 f5 2. Nc3 Nf6 3. Bg5 d5 4. e3 Nbd7 5. Nf3 e6 6. Bd3 c5 7. dxc5 Bxc5 8. O-O O-O 9. Na4 b6 10. c4 Bb7 11. cxd5 Bxd5 12. Nc3 Bxf3 13. gxf3 Ne5 14. Be2 h6 15. Qxd8 Raxd8 16. Bf4 Ng6 17. Bc4 Nxf4 18. exf4 Nd5 19. Rfe1 Nxf4 20. Bxe6+ Nxe6 21. Rxe6 Rd2 22. Re2 Rxe2 23. Nxe2 Rd8 24. Rb1 Rd2 25. Kf1 a5 26. a3 Kf7 27. b4 Bd6 28. bxa5 bxa5 29. Rb5 Bxa3 30. Rxf5+ Ke6 31. Rxa5 Bd6 32. Ra6 Ke7 33. h3 Be5 34. f4 Bf6 35. Ng3 Rd7 36. Ke2 Kf7 37. Kf3 Rd3+ 38. Ke4 Rd4+ 39. Ke3 Rd7 40. Nf5 Rc7 41. Nd6+ Ke7 42. Ke4 Rc2 43. f3 Rh2 44. h4 Re2+ 45. Kf5 Bxh4 46. Ne4 Re3 47. Re6+ Kf8 48. Kg4 Be7 49. f5 Re1 50. Ra6 Rg1+ 51. Kf4 Rf1 52. Ke5 Rxf3 53. Ke6 Rd3 54. f6 Bxf6 55. Nxf6 gxf6 56. Kxf6 Ke8 1/2-1/2

[Event "IV Estrellas 2022"]
[Site "La Palma"]
[Date "2022.08.09"]
[Round "6.17"]
[White "Chitsazian, Daniel"]
[Black "Perez Bolanos, Joel"]
[Result "1/2-1/2"]
[ECO "B44"]
[WhiteElo "1767"]
[BlackElo "2036"]
[Annotator "RC"]
[PlyCount "75"]
[EventDate "2022.08.06"]
[EventType "swiss"]
[EventCountry "ESP"]
[SourceTitle "playchess.com"]
[Source "ChessBase"]
[SourceQuality "1"]
[TimeControl "5400+30"]

1. e4 c5 2. Nf3 e6 3. d4 cxd4 4. Nxd4 Nf6 5. Bd3 Nc6 6. Be3 Qc7 7. Nb5 Qb8 8. c4 a6 9. N5c3 Be7 10. O-O O-O 11. f4 d6 12. g4 Nd7 13. a3 b6 14. Rf3 Rd8 15. g5 Nf8 16. Nd2 Bb7 17. Rh3 Qc7 18. Qh5 Rab8 19. e5 g6 20. Qh6 dxe5 21. Nde4 f5 22. gxf6 Bc5 23. Bxc5 bxc5 24. Ng5 Rd7 25. Nce4 Nd4 26. f7+ Rxf7 27. Nxf7 Qxf7 28. Ng5 Qg7 29. Qxg7+ Kxg7 30. fxe5 h6 31. Ne4 Nd7 32. Rb1 Bxe4 33. Bxe4 Nxe5 34. b3 a5 35. Re3 Ng4 36. Rd3 Ne5 37. Re3 Ng4 38. Rd3 1/2-1/2

[Event "IV Estrellas 2022"]
[Site "La Palma"]
[Date "2022.08.09"]
[Round "6.18"]
[White "Diaz Perez, Michel Alejandro"]
[Black "Meneses Arenas, Mikel"]
[Result "1-0"]
[ECO "A45"]
[WhiteElo "2433"]
[BlackElo "1807"]
[Annotator "TA"]
[PlyCount "37"]
[EventDate "2022.08.06"]
[EventType "swiss"]
[EventCountry "ESP"]
[SourceTitle "playchess.com"]
[Source "ChessBase"]
[SourceQuality "1"]
[TimeControl "5400+30"]

1. d4 Nf6 2. Bf4 g6 3. Nc3 Bg7 4. e4 O-O 5. Qd2 c5 6. d5 {[%emt 0:03:05] A45: Trompowsky Attack.} d6 7. Bh6 e6 8. O-O-O {[%emt 0:07:33] White is slightly better.} exd5 9. exd5 {[%emt 0:00:14] [#]} Bh8 $146 ({Predecessor:} 9... Nbd7 10. h3 a6 11. Bxg7 Kxg7 12. f4 b5 13. Nf3 Nb6 14. g4 b4 15. Nb1 Bb7 {0-1 (27) Fajdetic,H (2151)-Juhasz,A (2378) Chess.com INT 2021}) 10. Bxf8 Kxf8 (10... Qxf8 $14 11. Kb1 Bg7) 11. h4 $16 Bd7 (11... Kg8 $16 12. Be2 h5) 12. f3 b5 (12... h5 $16 13. g3 Na6) 13. g4 (13. Bxb5 $18 {[%cal Ob5c6] and White stays clearly on top. Strongly threatening Bc6!} Qb6 14. Ba4) 13... Na6 (13... b4 $16) 14. h5 $18 Qa5 {[%emt 0:08:05] [#]} (14... Bg7 15. Bxb5 Bxb5) 15. Kb1 ({Don't play} 15. Qf4 Kg8 16. hxg6 fxg6 17. Qxd6 Rd8 $18) (15. hxg6 $142 fxg6 16. Qh2) 15... Rb8 $2 (15... Bg7 {was necessary.} 16. Qf4 Ne8) 16. Ne4 $2 ({But not} 16. Qf4 Kg8 17. hxg6 fxg6 18. Qxd6 Rd8 $18) (16. hxg6 $18 fxg6 17. Qf4) 16... Nb4 $2 (16... Qxd2 $16 17. Rxd2 Nxe4 18. fxe4 g5) 17. a3 Nfxd5 (17... Nxe4 $142 18. fxe4 Bg7) 18. axb4 Nxb4 19. Qxd6+ {[%emt 0:01:00] Black did not feel at home in the position after the opening.  Weighted Error Value: White=0.81/Black=1.35} 1-0

[Event "IV Estrellas 2022"]
[Site "La Palma"]
[Date "2022.08.10"]
[Round "7.1"]
[White "Baskin, Robert"]
[Black "Pap, Misa"]
[Result "1/2-1/2"]
[ECO "C78"]
[WhiteElo "2408"]
[BlackElo "2375"]
[Annotator "TA"]
[PlyCount "33"]
[EventDate "2022.08.06"]
[EventType "swiss"]
[EventCountry "ESP"]
[SourceTitle "playchess.com"]
[Source "ChessBase"]
[SourceQuality "1"]
[TimeControl "5400+30"]

1. e4 e5 2. Nf3 Nc6 3. Bb5 a6 4. Ba4 Nf6 5. O-O b5 6. Bb3 Bb7 {[%emt 0:00:03] 6...Bc5 is a critical line.} 7. Nc3 Bc5 {[%emt 0:09:48] C78: Ruy Lopez: Archangelsk and Möller Defences.} 8. Nd5 d6 ({Don't take} 8... Nxe4 9. d4 $14) 9. c3 {[%emt 0:04:56] And now d4 would win.} Ba7 ({Not} 9... Nxe4 10. Qc2 Nf6 11. d4 $16) 10. d4 {[%emt 0:03:10] Threatens to win with Bg5.} h6 {[%emt 1:07:49] [#] Prevents Bg5. Black did not feel at home in the position after the opening.  Weighted Error Value: White=0.06 (flawless) /Black=0.23 (precise)} {Predecessor:} 11. a4 $146 bxa4 12. Nxf6+ Qxf6 13. Bd5 O-O 14. Qxa4 Nd8 15. Bxb7 Nxb7 16. Qc6 Rab8 17. Rxa6 {1-0 (44) Gopal,G (2544)-Anurag,M (2349) Kolkata 2012} 1/2-1/2

[Event "IV Estrellas 2022"]
[Site "La Palma"]
[Date "2022.08.10"]
[Round "7.2"]
[White "Roeder, Matthias"]
[Black "Martinez Duany, Lelys Stanley"]
[Result "0-1"]
[ECO "A49"]
[WhiteElo "2357"]
[BlackElo "2497"]
[Annotator "TA"]
[PlyCount "132"]
[EventDate "2022.08.06"]
[EventType "swiss"]
[EventCountry "ESP"]
[SourceTitle "playchess.com"]
[Source "ChessBase"]
[SourceQuality "1"]
[TimeControl "5400+30"]

1. Nf3 g6 2. d4 Bg7 3. g3 c5 4. c3 Nf6 5. Bg2 O-O 6. O-O Qc7 7. Na3 {[%emt 0:09:27] A49: 1 d4 Nf6 2 Nf3 g6 3 g3: Anti-King's Indian systems.} d6 8. Nb5 Qb6 9. a4 {[%emt 0:00:59] The position is equal.} Nc6 10. d5 {[%emt 0:02:46] [#]} Na5 $146 ({Predecessor:} 10... Nb8 11. Nd2 Na6 12. Nc4 Qd8 13. e4 Nc7 14. Nxc7 Qxc7 15. Bg5 h6 16. Bxf6 Bxf6 {1-0 (38) Seeman,T (2395)-Wallace,J (2350) Stockholm 1997}) 11. b4 Nc4 12. Nd2 Nxd2 13. Bxd2 Bf5 14. bxc5 Qxc5 15. Be3 Qc4 16. Bxa7 Be4 17. Bxe4 Qxe4 18. Bd4 Nxd5 19. e3 Nf6 (19... Rfc8 $15) 20. c4 Rfc8 21. Nc3 Qe6 22. Rb1 Rxc4 (22... Qxc4 23. Bxf6 Bxf6 24. Nd5 $16) 23. Qf3 (23. Rxb7 Qc8 24. Rxe7 Bf8 $15) 23... Nd7 (23... Rac8 24. a5 $11) 24. Rxb7 Rac8 (24... Rxc3 25. Bxc3 (25. Rxd7 Qxd7 26. Qxa8+ Rc8 $15) 25... Bxc3 26. Rxd7 $1 Rxa4 27. Rc7 $16) 25. Nd5 $2 (25. Qd5 $11 {and White stays safe.}) 25... Bxd4 $19 (25... Rxa4 26. Bxg7 Kxg7 27. Nf4 $16) 26. exd4 Rxd4 (26... Rxa4 $6 27. Nc7 Qh3 28. Nd5 $11) 27. Nc7 (27. Rc7 $17 {keeps fighting.} Rxc7 28. Nxc7) 27... Qc4 28. Nd5 Qxd5 ({And not} 28... Rxd5 29. Rxd7 Re5 30. Qb7 $17) (28... Ne5 $1 $19 29. Nxe7+ Kg7) 29. Qxd5 $17 Rxd5 30. Rxd7 $19 {[%emt 0:00:06][%mdl 4096] Endgame KRR-KRR} Kf8 31. Re1 Re5 32. Rxe5 Rc1+ 33. Kg2 dxe5 $17 {[%emt 0:00:06] KR-KR} 34. a5 Ra1 35. Rd5 f6 36. g4 (36. h4 $142) 36... Kf7 37. Rb5 Ra3 38. Kf1 Ra4 39. g5 {[%emt 0:00:58] [#]} (39. h3 $17) 39... Ke6 $1 $19 ({Inferior is} 39... fxg5 40. Rxe5 Kf6 41. Rb5 $17) 40. gxf6 exf6 41. Rb6+ {[%emt 0:00:05] [#]} Kf5 $1 42. a6 Ra2 43. Rb7 h5 44. a7 g5 {[%emt 0:01:06] Threatens to win with ...g4.} 45. Rh7 (45. h3 $17) 45... h4 ({Better is} 45... Kg6 $19 46. Re7 f5) 46. h3 $17 Kf4 (46... e4 $17 47. Rf7 Ke5) 47. Rf7 $1 $15 f5 48. f3 {[%emt 0:01:42] Prevents g4.} Ra4 {[%emt 0:05:14] aiming for ...Ra2.} 49. Ke2 Ra3 50. Kd2 Kxf3 (50... e4 $17 51. fxe4 Kxe4) 51. Rxf5+ $11 Ke4 52. Rxg5 (52. Rf7 $1 $11 {keeps the balance.}) 52... Rxa7 $17 {[%emt 0:00:19] ...Ra3 is the strong threat. Black is more active.} 53. Ke2 $2 ({Avoid the trap} 53. Rg4+ $2 Kf3 54. Rg5 Ra2+ 55. Ke1 e4 56. Rf5+ Kg3 $19) (53. Rh5 $17) 53... Ra2+ $19 54. Ke1 Rh2 {[%emt 0:00:21] And now ...Kf4 would win.} 55. Rg4+ Ke3 {[%emt 0:00:08] Black mates.} 56. Kf1 Kf3 57. Kg1 Rxh3 58. Ra4 e4 59. Ra8 Rg3+ 60. Kf1 h3 61. Rf8+ Ke3 62. Rh8 Kd2 63. Rd8+ Rd3 64. Ra8 Rf3+ 65. Kg1 e3 66. Ra2+ Kc3 {[%emt 0:28:52] Weighted Error Value: White=0.43/Black=0.16 (very precise)} 0-1

[Event "IV Estrellas 2022"]
[Site "La Palma"]
[Date "2022.08.10"]
[Round "7.3"]
[White "Del Rio De Angelis, Salvador G."]
[Black "Del Rey, Diego"]
[Result "1/2-1/2"]
[ECO "D10"]
[WhiteElo "2442"]
[BlackElo "2358"]
[Annotator "TA"]
[PlyCount "28"]
[EventDate "2022.08.06"]
[EventType "swiss"]
[EventCountry "ESP"]
[SourceTitle "playchess.com"]
[Source "ChessBase"]
[SourceQuality "1"]
[TimeControl "5400+30"]

1. d4 d5 2. c4 c6 3. cxd5 cxd5 4. Bf4 Nc6 5. e3 e6 6. Nc3 {[%emt 0:00:43] D10: Slav Defence: 3 cxd5 (without early Nf3) and 3 Nc3.} Bd6 $1 {[%emt 0:00:42] The main line 6...Bd6 scores better than 6...Nf6.} 7. Bxd6 Qxd6 8. Bd3 Nge7 9. Nf3 a6 10. O-O {[%emt 0:02:26] [#]} e5 $146 ({Black should play} 10... Bd7 $14) ({Predecessor:} 10... O-O 11. Rc1 f5 12. g3 b5 13. Ne2 b4 14. Nf4 a5 15. h4 h6 16. h5 Ba6 17. Bxa6 Rxa6 {1-0 (28) Chang,S (2035)-Mendes,R (1864) Bairro 2014}) 11. dxe5 $16 Nxe5 12. Nxe5 Qxe5 13. Qa4+ Bd7 14. Qh4 {[%emt 1:13:33] White is more active.} Rc8 {[%emt 1:11:33] Weighted Error Value: White=0.07 (flawless) /Black=0.15 (very precise)} 1/2-1/2

[Event "IV Estrellas 2022"]
[Site "La Palma"]
[Date "2022.08.10"]
[Round "7.4"]
[White "Herrera Reyes, Jose Antonio"]
[Black "Martinez Reyes, Pedro Ramon"]
[Result "1-0"]
[ECO "C00"]
[WhiteElo "2345"]
[BlackElo "2408"]
[Annotator "TA"]
[PlyCount "81"]
[EventDate "2022.08.06"]
[EventType "swiss"]
[EventCountry "ESP"]
[SourceTitle "playchess.com"]
[Source "ChessBase"]
[SourceQuality "1"]
[TimeControl "5400+30"]

1. e4 e6 2. Qe2 Nc6 3. b3 e5 4. Bb2 Bc5 {[%emt 0:02:26] [#]} 5. Nc3 $146 ({Predecessor:} 5. f4 Nd4 6. Qh5 Qe7 7. Bxd4 Bxd4 8. c3 Bxg1 9. Rxg1 exf4 10. d3 Nf6 11. Qg5 {0-1 (64) Apryshko,G (2371)-Rychagov,A (2534) Moscow 2017}) 5... Nf6 6. O-O-O {[%emt 0:05:17] C00: French: Unusual White 2nd moves.} O-O 7. f4 {[%emt 0:04:39] Strongly threatening fxe5.} d6 8. h3 {[%emt 0:20:56] Black is slightly better.} Re8 9. f5 d5 10. exd5 Nxd5 (10... Nd4 $5 11. Qc4 b6 $15) 11. g4 Nf4 12. Qh2 b6 13. Nge2 Bb7 (13... Nxe2+ $11 {keeps the balance.} 14. Nxe2 Bb7) 14. Ng3 $2 (14. Nxf4 $16 {stays on course.} exf4 15. Bg2) 14... Nd4 $17 {[%emt 0:00:37] White must now prevent ...Nf3.} 15. Nge4 Qh4 (15... Be7 $17 16. d3 a5) 16. Bc4 (16. Bg2 $15) 16... Rad8 (16... Bf8 $17 {[%cal Ob6b5] ...b5! is the strong threat.} 17. Rhf1 b5 18. Nxb5 Nxb5 19. Bxb5 Bxe4) 17. Rhf1 (17. Nxc5 $11 {was the only way to keep the balance.} bxc5 18. Rhg1) 17... Bf8 (17... Nxh3 $2 18. Rh1 $18) (17... Qxh3 $2 18. Bxf7+ $1 Kh8 19. Qxh3 Nxh3 20. Rh1 $18) 18. a4 (18. f6 $142) 18... a6 $1 (18... Qxh3 $2 19. Bxf7+ $1 Kh8 20. Qxh3 Nxh3 21. Rh1 $18) (18... Nxh3 $2 19. Rh1 $18) 19. Qh1 (19. Qf2 $17 {is a better defense.} Qxf2 20. Nxf2) 19... c6 $19 (19... Qxh3 20. Nf6+ $1 gxf6 21. Qxb7 $16) 20. Rg1 (20. Rfe1 $142) 20... b5 (20... Qxh3 $2 21. Bxf7+ $1 (21. Ng5 Qxh1 22. Bxf7+ Kh8 $16) 21... Kh8 22. Qxh3 Nxh3 23. Rh1 $18) (20... Nxh3 $2 21. Rg3 Qxg3 22. Nxg3 $18) 21. Bf1 b4 22. Na2 Nde2+ 23. Kb1 Nxg1 24. Qxg1 c5 25. Nxc5 (25. Qe3 {is the only way for White.}) 25... Bf3 (25... Nxh3 $142 26. Bxh3 Bf3) 26. Rc1 a5 ({Inferior is} 26... Rxd2 27. Qe3 Qf2 28. Qxf2 Rxf2 29. Nxa6 $17) 27. Qe3 Bxc5 28. Qxc5 Rxd2 (28... Be2 $17 {And now ...Rd5 would win.} 29. Qxa5 Bxf1 30. Rxf1 Qxh3) 29. Bb5 (29. Qxa5 $11 Ne2 30. Qb5) 29... Red8 (29... Rd5 $1 $17 30. Qa7 Rxb5 $1 31. axb5 Ne2) 30. Qxe5 $14 Qh6 31. Bc4 {[%emt 0:01:59] A strong pair of Bishops.} ({Better is} 31. Re1 $16 {[%cal Oe5e8] Qe8+! would kill now.} Rd1+ 32. Rxd1 Rxd1+ 33. Nc1) 31... Bd5 $2 {[%emt 0:00:17] [#]} ({Much less strong is} 31... Nxh3 32. Re1 Rf8 33. Qxa5 $16) (31... Ne2 $1 $14 32. Re1 Rd1+ 33. Rxd1 Rxd1+ 34. Bc1 Rxc1+ 35. Kb2 Qf6 36. Qxf6 gxf6 37. Nxc1 Nc3) 32. Re1 $1 $18 f6 33. Qc7 Bxc4 34. Qxc4+ $40 {[%emt 0:00:01][%mdl 128] White is out for blood.} R2d5 35. Bc1 ({White should play} 35. Re4 $18) 35... Qh4 (35... Qxh3 $16 {was worth a try.} 36. Bxf4 Qxg4) 36. Re4 Nd3 (36... Nxh3 $2 37. Rd4 Nf4 38. Bxf4 $18) (36... g5 {was called for.}) 37. Rd4 $2 (37. cxd3 $18 {has better winning chances.} Qxh3 38. Be3) 37... Nf4 $2 38. Bxf4 {[%emt 0:00:35][%cal Bc1f4,Bf4c7,Bc7a5][%mdl 32] White is clearly winning.} Qe1+ 39. Nc1 Qh1 40. Bc7 R8d7 41. Bxa5 {[%emt 0:00:12] Weighted Error Value: White=0.50/Black=0.47} 1-0

[Event "IV Estrellas 2022"]
[Site "La Palma"]
[Date "2022.08.10"]
[Round "7.5"]
[White "Estremera Panos, Sergio"]
[Black "Geske, Julian"]
[Result "0-1"]
[ECO "D12"]
[WhiteElo "2262"]
[BlackElo "2386"]
[Annotator "TA"]
[PlyCount "74"]
[EventDate "2022.08.06"]
[EventType "swiss"]
[EventCountry "ESP"]
[SourceTitle "playchess.com"]
[Source "ChessBase"]
[SourceQuality "1"]
[TimeControl "5400+30"]

1. d4 d5 2. c4 c6 3. Nf3 Nf6 4. e3 Bf5 5. Nc3 e6 6. Bd3 Bg6 7. O-O Bd6 8. b3 Nbd7 9. Bb2 O-O 10. Qc2 {[%emt 0:04:47] D12: Slav Defence: 3 Nf3 Nf6 4 e3 Bf5.} dxc4 11. Bxg6 hxg6 12. bxc4 {[%emt 0:01:31] The position is equal.} e5 {[%emt 0:00:41] [#]} 13. Ne4 $146 ({Predecessor:} 13. h3 exd4 14. exd4 Re8 15. Nd2 Qe7 16. Rad1 Rac8 17. Nf3 Qe6 18. Qd3 Qf5 19. Rfe1 Qxd3 20. Rxd3 Rxe1+ 21. Nxe1 {½-½ (46) Erdos,V (2480)-Varga,Z (2515) Kazincbarcika 2005}) 13... Nxe4 14. Qxe4 f5 15. Qc2 e4 16. Nd2 Nf6 17. f3 ({White has to play} 17. g3 $1 $11) 17... exf3 $15 18. Rxf3 Qe7 $36 {[%emt 0:01:25][%mdl 2048] Prevents e4. Black has the initiative.} 19. Rb1 (19. c5 $11 {should be considered.} Bc7 20. Re1) 19... Rae8 20. Qb3 {[%emt 0:09:27] And now c5+ would win.} Rf7 21. Bc3 (21. c5 $15 Bc7 22. g3) 21... Bb8 22. Nf1 Ne4 23. Bb4 {[%emt 0:00:38] [#]} (23. c5 $142) 23... Qd7 $1 $17 {[%emt 0:01:54] 0x0.0019ed4d6077dp-1022s more active pieces.} 24. Rd1 {[%emt 0:01:04] [#]} g5 $1 {[%emt 0:01:47] aiming for ...g4.} 25. h3 Kh8 26. Be1 $2 {[%emt 0:02:42][%mdl 8192] Now White is beyond hope.} (26. c5 $17) 26... g4 $19 27. hxg4 fxg4 28. Rxf7 Qxf7 29. Qd3 Rf8 30. Qe2 $2 (30. Rb1 b6 31. g3) 30... Qh5 {[%emt 0:04:21][%cal Of8f1] Black is clearly winning.} 31. g3 Ng5 {[%emt 0:01:14] White must now prevent ...Nf3+.} 32. Nh2 Nf3+ 33. Nxf3 gxf3 ({Stronger than} 33... Rxf3 34. Qh2 Qxh2+ 35. Kxh2 $17) 34. Qf2 Rf6 {[%emt 0:00:35] ( -> ...Rh6)} 35. Rd2 (35. Qh2 $142 f2+ 36. Bxf2 Qxh2+ 37. Kxh2 Rxf2+ 38. Kh3) 35... Rh6 36. Qh2 {[%emt 0:00:22] Inhibits Qh1+.} Qg4 37. Qf2 Rh3 {[%emt 0:00:00] Weighted Error Value: White=0.67/Black=0.14 (very precise)} 0-1